 Dungeon Crawl Stone Soup version 0.30.1-4-g462c640d31 (webtiles) character file.

Game seed: 14069737998931449873

441 Destapler the Cudgeller (level 7, -3/52 HPs)
             Began as a Gnoll Wanderer on Aug 18, 2023.
             Slain by a steam dragon (7 damage)
             ... on level 4 of the Dungeon on Aug 21, 2023.
             The game lasted 00:09:53 (3878 turns).

Destapler the Cudgeller (Gnoll Wanderer)            Turns: 3878, Time: 00:09:53

Health: -3/52      AC:  9    Str: 15    XL:     7   Next: 2%
Magic:  15/15      EV: 11    Int:  8    God:
Gold:   267        SH:  0    Dex: 13    Spells: 16/17 levels left

rFire   . . .        a - +2 mace
rCold   . . .        (no shield)
rNeg    . . .        b - +0 ring mail
rPois   .            (no helmet)
rElec   .            v - +1 cloak
rCorr   .            (no gloves)
SInv    .            s - +0 pair of boots
Will    .....        (no amulet)
Stlth   ++           (no ring)
HPRegen 0.28/turn    (no ring)
MPRegen 0.14/turn

%: no passive effects
@: no status effects
A: fangs 1, strong nose, distributed training
a: no special abilities


You were on level 4 of the Dungeon.
You visited 1 branch of the dungeon, and saw 4 of its levels.

You collected 267 gold pieces.

Inventory:

Hand Weapons
 a - a +2 mace (weapon)
 n - a +1 whip of venom
Missiles
 w - 6 boomerangs
Armour
 b - a +0 ring mail (worn)
 s - a +0 pair of boots (worn)
 v - a +1 cloak (worn)
Wands
 k - a wand of charming (7)
Scrolls
 c - a scroll of fear
 f - 2 scrolls of vulnerability {unknown}
 g - 2 scrolls of fog {unknown}
 h - a scroll of summoning {unknown}
 l - 2 scrolls of identify
 m - 2 scrolls of teleportation {unknown}
 o - a scroll of acquirement {unknown}
 q - a scroll of brand weapon {unknown}
 r - a scroll of torment {unknown}
 t - 2 scrolls of noise {unknown}
Potions
 d - a potion of mutation {unknown}
 e - a potion of ambrosia {unknown}
 i - a potion of curing
 j - a potion of lignification
 p - a potion of attraction {unknown}
 u - a potion of degeneration {unknown}


   Skills:
 + Level 3.5 Fighting
 + Level 2.3 Short Blades
 + Level 2.3 Long Blades
 + Level 2.3 Axes
 + Level 7.0 Maces & Flails
 + Level 2.3 Polearms
 + Level 2.3 Staves
 + Level 2.3 Ranged Weapons
 + Level 2.3 Throwing
 + Level 3.5 Armour
 + Level 2.3 Dodging
 + Level 3.3 Stealth
 + Level 2.3 Shields
 + Level 2.3 Unarmed Combat
 + Level 5.5 Spellcasting
 + Level 1.8 Conjurations
 + Level 1.8 Hexes
 + Level 1.8 Summonings
 + Level 1.8 Necromancy
 + Level 1.8 Translocations
 + Level 1.8 Transmutations
 + Level 1.8 Fire Magic
 + Level 1.8 Ice Magic
 + Level 1.8 Air Magic
 + Level 2.8 Earth Magic
 + Level 1.8 Poison Magic
 + Level 2.5 Invocations
 + Level 3.5 Evocations


You had 16 spell levels left.
You knew the following spells:

 Your Spells              Type           Power      Damage    Failure   Level
a - Sandblast             Erth           12%        2d6       14%         1

Your spell library contained the following spells:

 Spells                   Type           Power      Damage    Failure   Level
 Magic Dart               Conj           20%        1d4       22%         1
 Call Imp                 Summ           10%        N/A       32%         2
 Stone Arrow              Conj/Erth      12%        3d7       47%         3
 Mephitic Cloud           Conj/Pois/Air  5%         N/A       54%         3


Dungeon Overview and Level Annotations

Branches:
Dungeon (4/15)
 Temple: D:4-7

Altars:
Kikubaaqudgha
Trog

Shops:
D:2 (


Innate Abilities, Weirdness & Mutations

You have very sharp teeth.
Your uncanny sense of smell can sniff out nearby items.
Your experience applies equally to all skills.


Message History

There is an open door here.
There is an open door here.
There is an open door here.
Partly explored, can't reach some places.
Partly explored, can't reach some places.
Really walk into that teleport trap?
You enter a teleport trap!
The teleport trap disappears.
Your surroundings seem slightly different.
There is a bloodstained altar of Trog here.
The helpless steam dragon fails to defend itself.
You thump the steam dragon!
The steam dragon is heavily wounded.
The steam dragon closely misses you. x2
You hit the steam dragon.
You bite the steam dragon, but do no damage.
The steam dragon is heavily wounded.
The steam dragon bites you but does no damage.
The steam dragon claws you but does no damage.
You closely miss the steam dragon.
You bite the steam dragon, but do no damage.
The steam dragon is heavily wounded.
The steam dragon breathes steam at you. The ball of steam hits you!
The steam dragon breathes steam at you. The ball of steam hits you!
The steam dragon breathes steam at you. The ball of steam hits you!
* * * LOW HITPOINT WARNING * * *
You closely miss the steam dragon.
The steam dragon is heavily wounded.
You are engulfed in a cloud of scalding steam.
The steam dragon bites you!
* * * LOW HITPOINT WARNING * * *
The steam dragon claws you but does no damage.
You hit the steam dragon.
The steam dragon is heavily wounded.
You are engulfed in a cloud of scalding steam.
* * * LOW HITPOINT WARNING * * *
The steam dragon bites you!
You die...

#.#.......#....# #
#.#.......#.#######
#.#.......#......##
#.#.[._..........##
#.#.......#......##
#.#.......#.[....##
#.#.....(.#........
#D####.####........
#§@.§.......####...
#§..........####...
#§.§.§....[+.......
#§§..§.....##......
#§§.§.§.§..++......
#...§.§§...##......
########'####......
#.# #...... #.#
#......


You could see a steam dragon.

Vanquished Creatures
  Sigmund (D:2)
  A jelly (D:3)
  4 hounds
  6 adders
  A dart slug (D:1)
  6 orcs
  9 ball pythons
  6 endoplasms
  5 giant cockroaches
  6 goblins
  8 hobgoblins
  7 jackals
  6 bats
  A frilled lizard (D:2)
  2 kobolds
  10 rats
79 creatures vanquished.

Notes
Turn   | Place    | Note
-------+----------+-------------------------------------------
     0 | D:1      | Destapler the Gnoll Wanderer began the quest for the Orb.
     0 | D:1      | Destapler set off with the following items: a +2 mace, a +0
                  | ring mail, a scroll of fear; and the following spell
                  | memorised: Sandblast; and the following spells available to
                  | memorise: Stone Arrow.
     0 | D:1      | Reached XP level 1. HP: 17/17 MP: 6/6
   257 | D:1      | Reached XP level 2. HP: 23/23 MP: 2/7
   637 | D:1      | Reached skill level 5 in Spellcasting
   637 | D:1      | Reached XP level 3. HP: 25/28 MP: 0/9
   957 | D:1      | Reached skill level 1 in Invocations
  1027 | D:2      | Found Qishrill's Weapon Shop.
  1144 | D:2      | Reached skill level 1 in Short Blades
  1144 | D:2      | Reached skill level 1 in Long Blades
  1144 | D:2      | Reached skill level 1 in Axes
  1144 | D:2      | Reached skill level 1 in Polearms
  1144 | D:2      | Reached skill level 1 in Staves
  1144 | D:2      | Reached skill level 1 in Ranged Weapons
  1144 | D:2      | Reached skill level 1 in Throwing
  1144 | D:2      | Reached skill level 1 in Dodging
  1144 | D:2      | Reached skill level 1 in Shields
  1144 | D:2      | Reached skill level 1 in Unarmed Combat
  1270 | D:2      | Reached XP level 4. HP: 34/34 MP: 9/11
  1567 | D:2      | Reached skill level 1 in Conjurations
  1567 | D:2      | Reached skill level 1 in Hexes
  1567 | D:2      | Reached skill level 1 in Summonings
  1567 | D:2      | Reached skill level 1 in Necromancy
  1567 | D:2      | Reached skill level 1 in Translocations
  1567 | D:2      | Reached skill level 1 in Transmutations
  1567 | D:2      | Reached skill level 1 in Fire Magic
  1567 | D:2      | Reached skill level 1 in Ice Magic
  1567 | D:2      | Reached skill level 1 in Air Magic
  1567 | D:2      | Reached skill level 1 in Poison Magic
  1606 | D:2      | Noticed Sigmund
  1621 | D:2      | Killed Sigmund
  1622 | D:2      | Reached XP level 5. HP: 13/41 MP: 1/12
  1622 | D:2      | Reached XP level 6. HP: 15/47 MP: 1/13
  2183 | D:3      | Identified the +8 spear "Jolaptut" {freeze, rElec}
  2918 | D:4      | Noticed a steam dragon
  3325 | D:4      | Found a bloodstained altar of Trog.
  3363 | D:4      | Found an ancient bone altar of Kikubaaqudgha.
  3463 | D:4      | Reached XP level 7. HP: 52/52 MP: 8/15
  3560 | D:4      | Reached skill level 7 in Maces & Flails
  3878 | D:4      | Slain by a steam dragon

Illustrated notes

Levels and vault maps discovered:
D:1:      heliophobic_arrival_ceremonial_halls, layout_loops_ring
D:2:      layout_basic, serial_shops, nicolae_shop_tiny_waterfront, st_stairs_8,
          minmay_misc_feat_tiny, uniq_sigmund
D:3:      layout_loops_ring, minmay_misc_feat_plants
D:4:      layout_basic, mainiacjoe_overflow_six_doors_small, lemuel_tele_altar,
          moated_statue

Skill      XL: |  1  2  3  4  5  6  7 |
---------------+----------------------+-----
Earth Magic    | 2 |  2.8
Spellcasting   | 5 |  5.5
Invocations    | 1 2 |  2.5
Short Blades   | 1 2 |  2.3
Long Blades    | 1 2 |  2.3
Axes           | 1 2 |  2.3
Polearms       | 1 2 |  2.3
Staves         | 1 2 |  2.3
Ranged Weapons | 1 2 |  2.3
Throwing       | 1 2 |  2.3
Dodging        | 1 2 |  2.3
Shields        | 1 2 |  2.3
Unarmed Combat | 1 2 |  2.3
Conjurations   | 1 |  1.8
Hexes          | 1 |  1.8
Summonings     | 1 |  1.8
Necromancy     | 1 |  1.8
Translocations | 1 |  1.8
Transmutations | 1 |  1.8
Fire Magic     | 1 |  1.8
Ice Magic      | 1 |  1.8
Air Magic      | 1 |  1.8
Poison Magic   | 1 |  1.8
Fighting       | 3 |  3.5
Armour         | 3 |  3.5
Stealth        | 3 |  3.3
Evocations     | 3 |  3.5
Maces & Flails | 7 |  7.0

Action                     |  1- 3 |  4- 6 |  7- 9 || total
---------------------------+-------+-------+-------++-------
  Melee: Mace              |    39 |    80 |     9 ||   128
         Bite              |     1 |     9 |     2 ||    12
         Punch             |       |     2 |       ||     2
   Cast: Sandblast         |    43 |    48 |       ||    91
    Use: Potion            |       |     1 |       ||     1
         Scroll            |       |     1 |       ||     1
   Stab: Sleeping          |     1 |     4 |     1 ||     6
 Armour: Ring mail         |    18 |    37 |     8 ||    63
  Dodge: Dodged            |    32 |    64 |     5 ||   101
